Map: Old Republic LE

Players

Captain

  • Race: Zerg Zerg
  • League: Diamond
  • Spawn Location: 7:00

HoldTheDoor - Winner!

  • Race: Protoss Protoss
  • League: Diamond
  • Spawn Location: 1:00

VOD

Have the link to the VOD?

Description

Time

  • Played on: May 17, 2026, 12:39 p.m.
  • Length: 5:21
Show
View Real Time Build Order
Export as new Build Order

Captain Zerg 

Build Orders: Pool First 

Get SALT Encoding   

  12  0:09  Drone  
  12  0:12  Overlord  
  13  0:31  Spawning Pool  
  13  0:35  Drone  
  13  0:38  Drone  
  14  0:43  Drone  
  15  0:52  Drone  
  16  1:02  Drone  
  17  1:18  Zergling x4  
  19  1:29  Drone, Hatchery  
  19  1:34  Queen  
  21  1:44  Extractor  
  21  1:45  Drone  
  21  1:50  Drone  
  22  2:01  Overlord  
  22  2:30  Drone  
  23  2:43  Queen  
  25  2:44  Drone  
  25  2:49  Drone  
  27  2:51  Hatchery  
  27  2:54  Drone  
  27  2:55  Drone  
  28  2:59  Drone  
  28  3:00  Hatchery  
  28  3:12  Drone x2  
  30  3:13  Drone x2  
  32  3:24  Overlord  
  32  3:26  Metabolic Boost  
  32  3:32  Drone  
  33  3:36  Queen  
  33  3:39  Drone  
  36  3:48  Drone x3  
  39  3:51  Drone x2  
  41  3:57  Drone  
  41  3:58  Drone x2  
  41  4:00  Overlord  
  44  4:07  Lair  
  44  4:09  Drone  
  45  4:14  Spore Crawler  
  45  4:16  Spore Crawler  
  43  4:22  Drone x2  
  45  4:25  Drone x2  
  45  4:26  Drone  
  45  4:27  Drone  
  45  4:30  Drone  
  50  4:32  Drone  
  50  4:33  Drone x2  
  53  4:43  Drone, Roach Warren  
  53  4:44  Drone  
  53  4:45  Drone x3  
  57  4:46  Extractor  
  56  4:56  Overlord x2  
  56  5:02  Spine Crawler  
Show
View Real Time Build Order
Export as new Build Order

HoldTheDoor Protoss - Winner!

Build Orders:  

Get SALT Encoding   

  12  0:00  Probe  
  13  0:13  Probe  
  14  0:19  Pylon  
  14  0:25  Probe  
  15  0:33  Probe  
  15  0:41  Gateway, Probe  
  16  0:49  Assimilator  
  17  0:52  Probe  
  18  1:06  Forge  
  18  1:09  Probe  
  19  1:21  Probe  
  20  1:31  Cybernetics Core  
  20  1:35  Probe  
  20  1:39  Photon Cannon  
  21  1:47  Probe  
  22  1:59  Probe  
  23  2:14  Nexus, Warp Gate  
  23  2:18  Pylon  
  23  2:33  Stalker  
  23  2:36  Probe  
  26  2:42  Robotics Facility  
  26  2:48  Probe  
  27  2:53  Gateway  
  27  3:00  Stalker  
  29  3:13  Probe  
  30  3:26  Probe  
  31  3:28  Warp Prism  
  31  3:30  Probe  
  34  3:38  Probe  
  35  3:42  Gateway, Probe  
  35  3:47  Gateway  
  36  3:50  Probe  
  36  3:54  Probe  
  38  3:58  Gateway  
  38  4:00  Gateway  
  38  4:05  Gateway  
  38  4:15  Stalker  
  38  4:17  Gateway  
  40  4:19  Stalker  
  42  4:32  Pylon  
  42  4:35  Pylon  
  42  4:37  Pylon  
  42  4:45  Stalker x2  
  46  4:58  Zealot x3  
  46  4:59  Zealot  
Tags
 
Matchup
PvZ
Opening
Pool First
Replay Pack
SC2Mai2026
Spawn Locations
Cross Positions
Add a new tag
Caveats
  • Supply blocks, unpowered buildings, or Contaminate may cause inaccurate times.
  • Supply counts are checked every 10 seconds.